 Dungeon Crawl Stone Soup version 0.24.0-123-gd5b16e6ec5 (webtiles) character file.

Game seed: 7971343094755529390, levelgen mode: deterministic

860 Elellon the Cleaver (level 7, 29/62 HPs)
             Began as a Deep Dwarf Fighter on Jan 14, 2020.
             Was an Initiate of Okawaru.
             Quit the game on level 5 of the Dungeon.
             The game lasted 00:07:55 (3344 turns).

Elellon the Cleaver (Deep Dwarf Fighter)            Turns: 3344, Time: 00:07:56

Health: 29/62      AC:  7    Str: 21    XL:     7   Next: 71%
Magic:  6/6        EV:  7    Int:  9    God:    Okawaru [......]
Gold:   241        SH:  9    Dex: 12    Spells: 6/6 levels left

rFire    . . .     SeeInvis .   a - +0 war axe
rCold    . . .     Gourm    .   c - +0 shield
rNeg     . . .     Faith    .   b - +0 scale mail
rPois    .         Spirit   .   (no helmet)
rElec    .         Reflect  .   (no cloak)
rCorr    .         Harm     .   (no gloves)
MR       +....                  (no boots)
Stlth    ..........             (no amulet)
HPRegen  0.00/turn              (no ring)
MPRegen  0.10/turn              (no ring)

@: non-regenerating
A: damage resistance, heal wounds, sense surroundings 1, no regeneration
a: Heal Wounds, Renounce Religion


You were on level 5 of the Dungeon.
You worshipped Okawaru.
Okawaru was noncommittal.
You were very hungry.

You visited 2 branches of the dungeon, and saw 6 of its levels.

You collected 241 gold pieces.

Inventory:

Hand Weapons
 a - a +0 war axe (weapon)
Missiles
 v - 6 poisoned darts (quivered)
Armour
 b - a +0 scale mail (worn)
 c - a +0 shield (worn)
Jewellery
 o - an uncursed ring of stealth {unknown}
 u - an uncursed ring of flight {unknown}
Wands
 p - a wand of iceblast (5)
Scrolls
 e - a scroll of blinking {unknown}
 i - a scroll of enchant armour {unknown}
 k - 3 scrolls of identify {unknown}
 n - a scroll of random uselessness {unknown}
 q - a scroll of teleportation {unknown}
 r - a scroll of enchant weapon {unknown}
 s - a scroll of remove curse {unknown}
 w - a scroll of magic mapping {unknown}
 x - a scroll of amnesia {unknown}
Potions
 d - 3 potions of might
 h - 2 potions of invisibility {unknown}
 j - 3 potions of curing {unknown}
 l - 2 potions of agility {unknown}
 m - a potion of berserk rage {unknown}
 t - 2 potions of degeneration {unknown}
 z - a potion of haste
Comestibles
 f - 12 rations


   Skills:
 + Level 3.4 Fighting
 * Level 8.6 Axes
 + Level 4.2 Armour
 + Level 4.2 Shields


You had 6 spell levels left.
You didn't know any spells.
Your spell library was empty.

Dungeon Overview and Level Annotations

Branches:
Dungeon (5/15)             Temple (1/1) D:4

Altars:
Ashenzari
Cheibriados
Fedhas
Hepliaklqana
Okawaru
Ru
Sif Muna
Uskayaw
Vehumet
Wu Jian
Xom
Yredelemnul
Zin
The Shining One

Shops:
D:4 ?}[[

Annotations:
D:5 Prince Ribbit


Innate Abilities, Weirdness & Mutations

You are resistant to damage.
You can heal yourself by infusing magical energy.
You passively map a small area around you.
You do not regenerate.


Message History

You block Prince Ribbit's attack.
You slash Prince Ribbit!
Prince Ribbit is severely wounded.
Prince Ribbit blinks!
Prince Ribbit casts a spell.
Prince Ribbit looks slightly unstable.
Prince Ribbit lets out a mournful croak.
Prince Ribbit hits you!
Prince Ribbit hits you but does no damage.
You are too injured to fight recklessly!
You are too injured to fight recklessly!
You slash Prince Ribbit!
Prince Ribbit is almost dead.
Prince Ribbit hits you but does no damage.
You hit Prince Ribbit.
Prince Ribbit is almost dead.
Prince Ribbit disappears!
Prince Ribbit mumbles some strange words.
Prince Ribbit looks slightly unstable.
The crimson imp blinks!
Are you sure you want to abandon this character and quit the game? (Confirm with "yes".)

....## *,..........
.....F# #.............
.......##..............
* *
.......................
,
.........##............,
.......................
, ,
.......................
...###..............###
*
.........$.@...........
,
##........ยง....<....##
, #.................##
..............<.<.##, ,
, ..................# ,
, *....................
............5.....#..,,
** ......#.....####.##.,
* , ....# *..*#. *


You could see Prince Ribbit and a crimson imp.

Vanquished Creatures
  Grinder (D:4)
  An ogre (D:4)
  A bullfrog (D:3)
  A hound (D:4)
  An orc priest (D:3)
  2 bullfrog skeletons
  A centaur skeleton (D:2)
  Jessica (D:4)
  Natasha (thrice) (D:3)
  2 worker ants (D:4)
  Robin (D:3)
  6 adders
  8 gnolls
  An ooze (D:1)
  2 worms
  5 leopard geckos
  3 orcs
  5 bats
  5 giant cockroaches
  16 goblins
  9 hobgoblins
  2 jackals (D:3)
  A quokka (D:3)
  4 frilled lizards
  A quokka skeleton (D:4)
  8 rats
91 creatures vanquished.

Notes
Turn   | Place    | Note
-------+----------+-------------------------------------------
     0 | D:1      | Elellon the Deep Dwarf Fighter began the quest for the Orb.
     0 | D:1      | Reached XP level 1. HP: 20/20 MP: 1/1
   248 | D:1      | Reached skill level 3 in Axes
   256 | D:1      | Reached XP level 2. HP: 16/27 MP: 2/2
   940 | D:2      | Reached skill level 4 in Axes
   940 | D:2      | Reached XP level 3. HP: 14/33 MP: 3/3
   995 | D:2      | Found an ornate altar of the Wu Jian Council.
  1013 | D:2      | Reached skill level 5 in Axes
  1013 | D:2      | Reached XP level 4. HP: 14/40 MP: 4/4
  1544 | D:3      | Found a blossoming altar of Fedhas.
  1590 | D:3      | Noticed a bullfrog
  1610 | D:3      | HP: 1/40 [bullfrog (5)]
  1615 | D:3      | Killed a bullfrog
  1615 | D:3      | Reached skill level 6 in Axes
  1615 | D:3      | Reached XP level 5. HP: 13/46 MP: 5/5
  1766 | D:3      | Noticed Natasha
  1780 | D:3      | Killed Natasha
  1827 | D:3      | Reached skill level 7 in Axes
  1831 | D:3      | Reached XP level 6. HP: 39/55 MP: 5/5
  1856 | D:3      | Found a sacrificial altar of Ru.
  1975 | D:3      | Found a radiant altar of Vehumet.
  2105 | D:3      | Noticed Natasha
  2119 | D:3      | Killed Natasha
  2133 | D:3      | Noticed Robin
  2147 | D:3      | Killed Robin
  2149 | D:3      | Noticed Natasha
  2155 | D:3      | Killed Natasha
  2317 | D:4      | Found Cennogiami's Gadget Shop.
  2373 | D:4      | Found Ymucwuep's Armour Emporium.
  2398 | D:4      | Noticed Jessica
  2407 | D:4      | Killed Jessica
  2415 | D:4      | Found a shimmering blue altar of Sif Muna.
  2489 | D:4      | Reached skill level 8 in Axes
  2489 | D:4      | Reached XP level 7. HP: 9/62 MP: 6/6
  2505 | D:4      | Found a glowing golden altar of the Shining One.
  2526 | D:4      | Noticed Grinder
  2544 | D:4      | Killed Grinder
  2585 | D:4      | Found Wonuxi Zaitt's Armour Emporium.
  2597 | D:4      | Found Eluce's Magic Scroll Shop.
  2715 | D:4      | Found a staircase to the Ecumenical Temple.
  2947 | Temple   | Entered the Ecumenical Temple
  3074 | Temple   | Became a worshipper of Warmaster Okawaru
  3316 | D:5      | Entered Level 5 of the Dungeon
  3319 | D:5      | Noticed Prince Ribbit
  3344 | D:5      | Quit the game

Levels and vault maps discovered:
D:1:      minmay_arrival_cross, layout_basic
D:2:      layout_basic, lemuel_round_altar, first_ration,
          kennysheep_generic_room_4
D:3:      layout_rooms, vehumet_crystals, overflow_temple_1_default,
          lemuel_doored_altar, uniq_natasha, uniq_robin
D:4:      layout_loops_ring, tgw_sif, serial_shops,
          nicolae_shop_temple_entry_statues_fountains, nicolae_shop_statue_plus,
          shop_statue, shop_fountains, tso_altar, uniq_grinder
D:5:      layout_cave_pools, lemuel_round_altar, elyvilon_altar_5,
          gammafunk_temple_overflow_statue, uniq_prince_ribbit1
Temple:   nicolae_temple_figure_zero

Skill      XL: |  1  2  3  4  5  6  7 |
---------------+----------------------+-----
Axes           | 3 4 5 6 7 8 |  8.6
Fighting       | 3 |  3.4
Armour         | 4 |  4.2
Shields        | 4 |  4.2

Action                   |  1- 3 |  4- 6 |  7- 9 || total
-------------------------+-------+-------+-------++-------
Melee: War axe           |   105 |   197 |    50 ||   352
Throw: Dart              |       |    41 |       ||    41
 Abil: Heal Wounds       |       |     4 |     2 ||     6
  Eat: Chunk             |       |     6 |     1 ||     7
Armor: Scale mail        |    33 |    78 |    13 ||   124
Dodge: Dodged            |    36 |    77 |    10 ||   123
Block: Shield            |    58 |   101 |    23 ||   182
